 Dungeon Crawl Stone Soup version 0.30-a0-778-g2ef04afb54 (webtiles) character file.

Game seed: 6483618982877847723

11 DEFE the Sneak (level 2, -2/19 HPs)
             Began as a Demonspawn Wanderer on Feb 16, 2023.
             Frozen to death by an endoplasm (5 damage)
             ... on level 1 of the Dungeon.
             The game lasted 00:00:32 (283 turns).

DEFE the Sneak (Demonspawn Wanderer)                 Turns: 283, Time: 00:00:33

Health: -2/19      AC:  7    Str: 10    XL:     2   Next: 17%
Magic:  3/3        EV: 10    Int: 15    God:
Gold:   39         SH:  0    Dex: 12    Spells: 2/3 levels left

rFire   . . .      SeeInvis .    a - +0 dagger
rCold   . . .      Faith    .    (no shield)
rNeg    . . .      Spirit   .    h - +0 ring mail
rPois   .          Reflect  .    (no helmet)
rElec   .          Harm     .    (no cloak)
rCorr   .          Rampage  .    (no gloves)
Will    .....                    (no boots)
Stlth   +                        (no amulet)
HPRegen 0.23/turn                (no ring)
MPRegen 0.08/turn                (no ring)

@: no status effects
A: icy blue scales 1
a: no special abilities


You were on level 1 of the Dungeon.
You visited 1 branch of the dungeon, and saw 1 of its levels.

You collected 39 gold pieces.

Inventory:

Hand Weapons
 a - a +0 dagger (weapon)
Missiles
 b - an atropa-tipped dart (quivered)
 c - a datura-tipped dart
Armour
 f - a +0 robe
 h - a +0 ring mail (worn)
Scrolls
 d - a scroll of vulnerability
 e - a scroll of fog
 g - a scroll of noise {unknown}
 i - a scroll of poison {unknown}
 j - a scroll of teleportation {unknown}


   Skills:
 + Level 1.9 Armour
 + Level 1.2 Dodging
 + Level 2.8 Stealth
 + Level 1.2 Spellcasting
 + Level 2.1 Summonings
 + Level 1.6 Invocations


You had 2 spell levels left.
You knew the following spells:

 Your Spells              Type           Power      Damage    Failure   Level
a - Summon Small Mammal   Summ           28%        N/A       26%         1

Your spell library contained the following spells:

 Spells                   Type           Power      Damage    Failure   Level
 Call Canine Familiar     Summ           7%         N/A       58%         3


Dungeon Overview and Level Annotations

Branches:
Dungeon (1/15)

Altars:


Innate Abilities, Weirdness & Mutations

You are partially covered in icy blue scales. (AC +2)


Message History

i - a scroll labelled MOUCRI KEOL
j - a scroll labelled VEABLO OSKIKK No target in view!
Found a robe.
An endoplasm comes into view.
Found a thick pearl amulet.
The endoplasm quivers.
The endoplasm closely misses you.
You hit the endoplasm but do no damage. The endoplasm freezes you.
You are frozen.
You take 4 damage, and have 15/19 hp.
MASSIVE DAMAGE!!
You barely miss the endoplasm. The endoplasm freezes you.
You are frozen.
You hit the endoplasm but do no damage. The endoplasm freezes you.
You are frozen.
You hit the endoplasm but do no damage. The endoplasm hits you.
Unknown command.
Unknown command.
Unknown command.
You take 7 damage, and have 8/19 hp.
MASSIVE DAMAGE!!
Unknown command.
You hit the endoplasm but do no damage. The endoplasm freezes you.
You are frozen.
You take 2 damage, and have 6/19 hp.
You hit the endoplasm. The endoplasm freezes you.
You are frozen.
* * * LOW HITPOINT WARNING * * *
You take 3 damage, and have 3/19 hp.
Unknown command.
You hit the endoplasm but do no damage. The endoplasm freezes you.
You are frozen.
You die...

#####.########
#.[...........
#.....#.######
#####.##.###......
#.........#.######
#.###.###..##
###.###.# #.##
#.....#.# #.#
#..@..#.# #.#
#......J....# #.#
#.###.....#.# #.#
#...".#.# #..
###.### # #.# ...
..# ###


You could see an endoplasm.

Vanquished Creatures
  A ball python (D:1)
  2 endoplasms (D:1)
  2 giant cockroaches (D:1)
  A bat (D:1)
  2 frilled lizards (D:1)
  2 kobolds (D:1)
  2 rats (D:1)
12 creatures vanquished.

Notes
Turn   | Place    | Note
-------+----------+-------------------------------------------
     0 | D:1      | DEFE the Demonspawn Wanderer began the quest for the Orb.
     0 | D:1      | DEFE set off with the following items: a +0 dagger, an
                  | atropa-tipped dart, a datura-tipped dart, a scroll of
                  | vulnerability, a scroll of fog, a +0 robe; and the
                  | following spell memorised: Summon Small Mammal; and the
                  | following spells available to memorise: Call Canine
                  | Familiar.
     0 | D:1      | Reached XP level 1. HP: 13/13 MP: 2/2
   174 | D:1      | Gained mutation: You are partially covered in icy blue
                  | scales. (AC +2) [demonic ancestry]
   174 | D:1      | Reached XP level 2. HP: 17/19 MP: 3/3
   283 | D:1      | Frozen to death by an endoplasm

Illustrated notes

Levels and vault maps discovered:
D:1:      dpeg_arrival_fog, layout_loops_ring

Action                     || total
---------------------------++-------
  Melee: Dagger            ||    64
   Stab: Sleeping          ||     2
         Distracted        ||     1
 Armour: Ring mail         ||    33
         Robe              ||     1
  Dodge: Dodged            ||    30

Table legend: (Time is in decaauts)
 A = Elapsed time spent in this place.
 B = Non-inter-level travel time spent in this place.
 C = Inter-level travel time spent in this place.
 D = Time resting spent in this place.
 E = Time spent auto-exploring this place.
 F = Levels seen in this place.
 G = Mean time per level.
                   A        B        C        D        E       F      G
               +--------+--------+--------+--------+--------+-----+--------+
         Total |    283 |    283 |      0 |     47 |     98 |   1 |  283.0 |
       Dungeon |    283 |    283 |      0 |     47 |     98 |   1 |  283.0 |
               +--------+--------+--------+--------+--------+-----+--------+

Top non-repeatable levels by time:
     D:1: 283 daAuts
